 Dungeon Crawl Stone Soup version 0.29.0 (webtiles) character file.

Game seed: 538920812879181477

3481 XZede the Cleaver (level 9, -40/105 HPs)
             Began as a Minotaur Berserker on Aug 29, 2022.
             Was an Elder of Trog.
             Killed from afar by an oklob plant (41 damage)
             ... with a splash of acid
             ... on level 7 of the Dungeon.
             The game lasted 00:23:13 (7934 turns).

XZede the Cleaver (Minotaur Berserker)              Turns: 7934, Time: 00:23:13

Health: -40/105    AC: -4    Str: 24 (26) XL:     9   Next: 79%
Magic:  8/8        EV:  8    Int:  4      God:    Trog [****..]
Gold:   432        SH:  0    Dex: 10      Spells: 8/8 levels left

rFire   . . .      SeeInvis .   A - +5 battleaxe
rCold   . . .      Faith    .   (shield currently unavailable)
rNeg    . . .      Spirit   .   d - +0 chain mail
rPois   +          Reflect  .   (helmet restricted)
rElec   +          Harm     .   (no cloak)
rCorr   .          Rampage  .   v - +0 pair of gloves
Will    .....                   (no boots)
Stlth   ..........              (no amulet)
HPRegen 0.27/turn               n - ring of poison resistance
MPRegen 0.11/turn               (no ring)

@: berserking, corroded, very quick
A: horns 2, retaliatory headbutt, iridescent scales 1, deterioration 1,
electricity resistance, wild magic 1
a: Renounce Religion, Berserk, Trog's Hand, Brothers in Arms


You were on level 7 of the Dungeon.
You worshipped Trog.
Trog was greatly pleased with you.
You visited 1 branch of the dungeon, and saw 7 of its levels.

You collected 432 gold pieces.

Inventory:

Hand Weapons
 i - a +4 flail of protection
 y - a +4 flail
 A - a +5 battleaxe (weapon)
Armour
 d - a +0 chain mail (worn)
 r - a +2 leather armour of willpower
 v - a +0 pair of gloves (worn)
Jewellery
 n - a ring of poison resistance (left hand)
Wands
 f - a wand of polymorph (3)
 t - a wand of roots (12)
 u - a wand of flame (18)
 B - a wand of quicksilver (8)
Scrolls
 b - 3 scrolls of teleportation {unknown}
 h - 9 scrolls of identify
 j - a scroll of magic mapping {unknown}
 k - 2 scrolls of fear {unknown}
 l - 2 scrolls of immolation {unknown}
 m - a scroll of amnesia {unknown}
 o - a scroll of blinking {unknown}
 q - 4 scrolls of enchant weapon {unknown}
Potions
 a - a potion of might {unknown}
 c - a potion of curing
 e - a potion of flight
 g - a potion of attraction (quivered)
 p - 2 potions of degeneration
 s - 2 potions of magic {unknown}
 w - a potion of haste {unknown}
 x - a potion of heal wounds {unknown}
 z - a potion of brilliance {unknown}


   Skills:
 - Level 3.6 Fighting
 * Level 12.3(14.2) Axes
 - Level 11.7(13.9) Maces & Flails
 - Level 2.4 Armour
 - Level 2.1 Dodging


You had 8 spell levels left.
You didn't know any spells.
Your spell library was empty.

Dungeon Overview and Level Annotations

Branches:
Dungeon (7/15)             Temple (0/1) D:5

Altars:
Fedhas
Gozag
Hepliaklqana
Sif Muna
Vehumet

Shops:
D:5 *

Annotations:
D:7 exclusion: oklob plant


Innate Abilities, Weirdness & Mutations

You have a pair of horns on your head.
You reflexively headbutt those who attack you in melee.
You are partially covered in iridescent scales. (AC +2)
Your body sometimes deteriorates upon taking damage.
You are resistant to electric shocks. (rElec)
Your spells are a little harder to cast, but a little more powerful.


Message History

A nearby plant withers and dies. x2
You slash the fungus! You headbutt the fungus!
The fungus is heavily damaged.
You slice the fungus!!
A nearby fungus withers and dies. x2
The oklob plant spits acid at you. The splash of acid misses you.
The oklob plant spits acid at you. The splash of acid hits you!!
The acid corrodes you! The oklob plant spits acid at you.
The splash of acid hits you! The acid corrodes you!
You slash the oklob plant!
The oklob plant is lightly damaged.
You hit the plant but do no damage. You hit the oklob plant.
The oklob plant is lightly damaged.
You hit the plant.
The plant begins to die.
The oklob plant spits acid at you. The splash of acid hits you!!
* * * LOW HITPOINT WARNING * * *
Your body deteriorates!
You feel weakened. The acid corrodes you!
You slice the oklob plant!!
The oklob plant is heavily damaged.
You hit the plant but do no damage.
A red film seems to cover your vision as you go berserk!
You feel yourself moving faster!
You feel mighty! The oklob plant spits acid at you.
The splash of acid hits you!!
* * * LOW HITPOINT WARNING * * *
Your body deteriorates!
You feel weakened. The acid corrodes you!
You hit the oklob plant.
The oklob plant is heavily damaged.
You hit the plant but do no damage. You slash the oklob plant!
The oklob plant is severely damaged.
You hit the plant. The oklob plant spits acid at you.
The splash of acid hits you!!!
You die... ##.## ....##### ........### .#..#†....######## .#..#.#.#.##.....# ....#.#.#.##.################ ## ###.#.#......# ♣.PPPPP#PP#♣P#♣♣PP

....#.###.##.#♣#P.P.P..PPPPPP#P#P
##........##.#♣P@.PPP.PP.PPP.#PPP
#........####........♣PPP#.#PPPP
#.......## #PP.P..#.......PPPP♣
#...#...# ##P.P....≈~~~~..PP#♣
#.......# #PPPPP..~≈≈≈~≈~..P.P
#.......######P#♣..~≈≈≈≈~≈≈≈..#.
##.......#...#PP ♣.~~≈≈~~~~≈~~.♣P
####..##.#.###P♣ #.~~~~...~≈≈~.##
###..>.##..###P ♣......_.~≈≈~...


You could see an oklob plant.

Vanquished Creatures
  An ugly thing (D:7)
  A queen bee (D:6)
  Menkaure (D:7)
  Edmund (D:5)
  A water moccasin (D:7)
  An ice beast (D:5)
  2 sky beasts
  A black bear (D:6)
  An ogre (D:5)
  A centaur (D:6)
  5 bullfrogs
  2 necrophages
  A gnoll sergeant (D:5)
  2 scorpions
  11 wights
  A howler monkey (D:7)
  6 hounds
  4 jellies
  An orc priest (D:4)
  3 iguanas
  Jessica (D:2)
  3 orc wizards
  4 gnolls (D:5)
  8 adders
  3 shadow imps
  3 white imps
  2 dart slugs (D:3)
  A worm (D:2)
  16 orcs
  6 endoplasms
  3 giant cockroaches
  2 goblins
  12 hobgoblins
  11 jackals
  6 quokkas
  11 ball pythons
  6 bats
  4 frilled lizards
  2 kobolds (D:4)
  5 rats
156 creatures vanquished.

Vanquished Creatures (others)
  4 fungi (D:7)
  4 plants (D:7)
  17 toadstools (D:7)
25 creatures vanquished.

Grand Total: 181 creatures vanquished

Notes
Turn   | Place    | Note
-------+----------+-------------------------------------------
     0 | D:1      | XZede the Minotaur Berserker began the quest for the Orb.
     0 | D:1      | Reached XP level 1. HP: 19/19 MP: 0/0
    94 | D:1      | Reached skill level 4 in Axes
   236 | D:1      | Reached XP level 2. HP: 23/26 MP: 1/1
   294 | D:1      | Found a faded altar of an unknown god.
   558 | D:1      | Reached skill level 5 in Axes
   630 | D:1      | Reached XP level 3. HP: 25/31 MP: 2/2
   851 | D:2      | Noticed Jessica
   857 | D:2      | Killed Jessica
   922 | D:2      | Reached ** piety under Trog
  1325 | D:2      | Reached XP level 4. HP: 39/39 MP: 3/3
  1356 | D:2      | Reached skill level 6 in Axes
  1624 | D:2      | Gained mutation: You possess an exceptional clarity of
                  | mind. [potion of mutation]
  1625 | D:2      | Lost mutation: You possess an exceptional clarity of mind.
                  | [potion of mutation]
  1625 | D:2      | Gained mutation: You have hidden genetic defects. [potion
                  | of mutation]
  1625 | D:2      | Gained mutation: You occasionally shout uncontrollably at
                  | your foes. [potion of mutation]
  1747 | D:3      | Gained mutation: You are dopey. (Int -2) [hidden defects]
  2537 | D:4      | Reached skill level 7 in Axes
  2537 | D:4      | Reached XP level 5. HP: 37/45 MP: 4/4
  2557 | D:4      | Gained mutation: You occasionally lose the ability to drink
                  | potions when taking damage. [hidden defects]
  2557 | D:4      | Lost mutation: You have hidden genetic defects. [hidden
                  | defects expressed]
  3132 | D:4      | Reached skill level 8 in Axes
  3178 | D:4      | Reached XP level 6. HP: 44/51 MP: 5/5
  3428 | D:5      | Entered Level 5 of the Dungeon
  3428 | D:5      | Found Gozag's Platinum Reserve.
  3470 | D:5      | Reached skill level 9 in Axes
  3476 | D:5      | Reached *** piety under Trog
  3735 | D:5      | Found an opulent altar of Gozag.
  3798 | D:5      | Reached XP level 7. HP: 53/57 MP: 6/6
  3867 | D:5      | Reached skill level 10 in Axes
  3879 | D:5      | Noticed Edmund
  3894 | D:5      | HP: 1/85 [Edmund/+4 flail of protection (8)]
  3898 | D:5      | Killed Edmund
  4205 | D:5      | Reached skill level 1 in Maces & Flails
  4373 | D:5      | Found a radiant altar of Vehumet.
  4373 | D:5      | Found a shimmering blue altar of Sif Muna.
  4718 | D:5      | Found a hazy altar of Hepliaklqana.
  4762 | D:5      | Found a staircase to the Ecumenical Temple.
  5270 | D:6      | Reached XP level 8. HP: 58/64 MP: 7/7
  5274 | D:6      | Reached skill level 5 in Maces & Flails
  5776 | D:6      | Noticed a two-headed ogre
  5777 | D:6      | Noticed a deep troll
  5777 | D:6      | a two-headed ogre changed into a deep troll
  5778 | D:6      | Noticed a wind drake
  5778 | D:6      | a deep troll changed into a wind drake
  5779 | D:6      | Noticed a queen bee
  5779 | D:6      | a wind drake changed into a queen bee
  5790 | D:6      | Killed a queen bee
  6591 | D:7      | Reached XP level 9. HP: 70/70 MP: 8/8
  6591 | D:7      | Noticed Menkaure
  6601 | D:7      | Killed Menkaure
  6602 | D:7      | Reached skill level 10 in Maces & Flails
  6952 | D:7      | Lost mutation: You are dopey. (Int -2) [potion of mutation]
  6952 | D:7      | Lost mutation: You occasionally shout uncontrollably at
                  | your foes. [potion of mutation]
  6952 | D:7      | Lost mutation: You occasionally lose the ability to drink
                  | potions when taking damage. [potion of mutation]
  6952 | D:7      | Gained mutation: Your body sometimes deteriorates upon
                  | taking damage. [potion of mutation]
  6952 | D:7      | Gained mutation: Your spells are a little harder to cast,
                  | but a little more powerful. [potion of mutation]
  6952 | D:7      | Gained mutation: You are partially covered in iridescent
                  | scales. (AC +2) [potion of mutation]
  6952 | D:7      | Gained mutation: You are resistant to electric shocks.
                  | (rElec) [potion of mutation]
  7701 | D:7      | Found a blossoming altar of Fedhas.
  7761 | D:7      | Reached **** piety under Trog
  7769 | D:7      | Noticed a brown ugly thing
  7777 | D:7      | Reached skill level 11 in Axes
  7806 | D:7      | Killed a brown ugly thing
  7807 | D:7      | Reached skill level 12 in Axes
  7908 | D:7      | Noticed an oklob plant
  7932 | D:7      | HP: 1/105 [oklob plant/splash of acid (31)]
  7934 | D:7      | Killed from afar by an oklob plant

Illustrated notes

Levels and vault maps discovered:
D:1:      psy_arrival_statuary, layout_basic,
          hellmonk_ecumenical_altar_prayer_group
D:2:      layout_loops_corners, uniq_jessica
D:3:      layout_loops_ring, st_stairs_7, chequers_serial_rivers_large_b,
          minmay_statues_item, minmay_fractal_squares_5
D:4:      layout_cave_pools
D:5:      layout_basic, nicolae_gozag_zags_fifth_avenue,
          worldfamousw_hep_ancestral_shrine, gammafunk_temple_overflow_wave,
          minmay_temple_entry_crystal_x, uniq_edmund
D:6:      layout_loops_cross
D:7:      minmay_chambers_of_fours, layout_loops_cross, tgw_fedhas,
          uniq_menkaure

Skill      XL: |  1  2  3  4  5  6  7  8  9 |
---------------+----------------------------+-----
Axes           | 4 5 7 8 9 10 12 | 12.3
Maces & Flails | 4 9 11 | 11.7
Fighting       | |  3.6
Armour         | |  2.4
Dodging        | |  2.1

Action                   |  1- 3 |  4- 6 |  7- 9 || total
-------------------------+-------+-------+-------++-------
Melee: Hand axe          |    88 |   163 |    26 ||   277
       Headbutt          |     5 |    27 |    48 ||    80
       Punch             |       |     1 |     2 ||     3
       Flail             |       |       |   169 ||   169
       Battleaxe         |       |       |    26 ||    26
Invok: Berserk           |       |     1 |     5 ||     6
       Trog's Hand       |       |       |     1 ||     1
Evoke: Wand              |       |       |     6 ||     6
  Use: Scroll            |       |     3 |     2 ||     5
       Potion            |       |     2 |     1 ||     3
Armor: Animal skin       |     8 |       |       ||     8
       Chain mail        |    39 |    76 |    95 ||   210
Dodge: Dodged            |    47 |    55 |    48 ||   150
